 Dungeon Crawl Stone Soup version 0.17-a0-931-g11a8995 (webtiles) character file.

2859 drasked the Infuser (level 9, -10/45 HPs)
             Began as a Deep Elf Ice Elementalist on May 5, 2015.
             Was a Follower of Vehumet.
             Mangled by Erolcha
             ... wielding a +0 giant spiked club
              (32 damage)
             ... on level 8 of the Dungeon.
             The game lasted 00:50:22 (11193 turns).

drasked the Infuser (Deep Elf Ice Elementalist)    Turns: 11193, Time: 00:50:23

Health: -10/45     AC: 15    Str:  7    XL:     9   Next: 47%
Magic:  16/18      EV: 17    Int: 27    God:    Vehumet [*.....]
Gold:   142        SH:  0    Dex: 18    Spells: 3 memorised, 10 levels left

rFire  . . .     SeeInvis .     v - +10 hand axe "Ritumon" {freeze, Str+2 Dex+3}
rCold  . . .     Clarity  .     E - +0 robe
rNeg   . . .     SustAb   .     (no shield)
rPois  .         Gourm    .     a - +2 helmet {Int+3}
rElec  .         Spirit   .     p - +0 cloak
rCorr  .         Warding  .     (no gloves)
rMut   .         Stasis   .     (no boots)
MR     .....                    (no amulet)
Stlth  ++........               (no ring)
                                (no ring)

@: icy armour, not resistant to hostile enchantments, unstealthy
A: no striking features
a: Renounce Religion


You were on level 8 of the Dungeon.
You worshipped Vehumet.
Vehumet was aware of your devotion.
You were hungry.

You visited 2 branches of the dungeon, and saw 9 of its levels.
You also visited: Sewer.

You collected 378 gold pieces.
You spent 236 gold pieces at shops.

Inventory:

Hand weapons
 v - the +10 hand axe "Ritumon" (weapon) {freeze, Str+2 Dex+3}
   (You found it on level 4 of the Dungeon)

   It has been specially enchanted to freeze those struck by it, causing extra
   injury to most foes and up to half again as much damage against particularly
   susceptible opponents.
   It can also slow down cold-blooded creatures.
   It affects your strength (+2).
   It affects your dexterity (+3).
 y - a +2 dagger of speed
   (You took it off an orc wizard on level 4 of the Dungeon)
 B - a +2 dagger of protection
   (You took it off a goblin on level 4 of the Dungeon)
Armour
 a - a +2 helmet of intelligence (worn)
   (You bought it in a shop on level 7 of the Dungeon)
 p - a +0 cloak (worn)
   (You found it on level 3 of the Dungeon)
 E - a +0 robe (worn)
   (You took it off Sigmund on level 6 of the Dungeon)
Jewellery
 d - an uncursed amulet of warding {unknown}
   (You found it on level 7 of the Dungeon)
 r - a +2 ring of evasion {unknown}
   (You found it on level 6 of the Dungeon)
 w - a +2 ring of dexterity {unknown}
   (You found it on level 4 of the Dungeon)
 C - an uncursed ring of positive energy {unknown}
   (You found it on level 5 of the Dungeon)
Magical devices
 D - a wand of polymorph (10)
   (You found it on level 6 of the Dungeon)
Scrolls
 f - 2 scrolls of immolation {!r}
 g - 3 scrolls of recharging {unknown}
 i - 5 scrolls of teleportation
 m - a scroll of magic mapping {!r}
 n - 3 scrolls of remove curse {unknown}
 o - 11 scrolls of identify
 q - a scroll of random uselessness
 u - a scroll of amnesia
Potions
 e - a potion of degeneration {unknown}
 j - 3 potions of lignification {!q}
 l - 4 potions of heal wounds
 s - 4 potions of might {unknown}
 x - 2 potions of agility
 z - 6 potions of curing
 A - 3 potions of flight {unknown}
Books
 b - a book of Frost
 k - a book of Party Tricks
   (You found it on level 6 of the Dungeon)
Comestibles
 c - 8 bread rations {@e1}
 h - 13 fruits


   Skills:
 - Level 6.6 Dodging
 - Level 2.4 Stealth
 - Level 5.0 Spellcasting
 * Level 6.3 Conjurations
 - Level 11.4 Charms
 + Level 7.2 Ice Magic


You had 10 spell levels left.
You knew the following spells:

 Your Spells              Type           Power        Failure   Level  Hunger
a - Freeze                Ice            ####         1%          1    None
x - Throw Icicle          Conj/Ice       #####...     4%          4    ###....
A - Ozocubu's Armour      Chrm/Ice       ######..     1%          3    #......


Dungeon Overview and Level Annotations

Branches:
Dungeon (8/15)             Temple (1/1) D:6
   Lair: D:8-11

Altars:
Ashenzari
Dithmenos
Elyvilon
Fedhas
Gozag
Kikubaaqudgha
Makhleb
Nemelex Xobeh
Okawaru
Qazlal
Ru
Sif Muna
Vehumet
Xom
Yredelemnul
Zin
The Shining One

Shops:
D:4 =   D:6 ?   D:7 ***??

Annotations:
D:2 exclusion: 4 doors
D:3 exclusion: phantom, Herrn's ghost, average FoFi; Terence
D:6 Dowan; Duvessa
D:8 Erolcha


Message History

A film of ice covers your body!
You now have 15/18 mp.
You climb downwards.
There is a stone staircase leading up here.
Unknown command.
You slash the worker ant zombie! You freeze the worker ant zombie.
The worker ant zombie bites you.
You take 3 damage, and have 42/45 hp.
You hit the worker ant zombie.
The worker ant zombie bites you but does no damage.
You barely miss the worker ant zombie.
The worker ant zombie closely misses you.
You slash the worker ant zombie!
You destroy the worker ant zombie!
Vehumet accepts your kill.
You may need something to eat soon, looking for food.
Can't find anything matching that.
Okay, then.
You see here 2 arrows.
You see here an arrow.
You see here an arrow.
You see here an arrow.
o - 12 scrolls labeled LIEVVU UGUACA (gained 1)
You open the door.
Found Setostuk's General Store.
Health restored: 45; MP restored: 18
There is an open door here.
There is an entrance to Setostuk's General Store here.
a - a +2 helmet of intelligence Thank you for shopping at Setostuk's General Store!
Wear which item? (? for menu, Esc to quit)
You start putting on your armour.
You continue putting on your +2 helmet of intelligence. x4
You finish putting on your +2 helmet of intelligence.
You feel clever.
You may need something to eat soon, looking for food.
Can't find anything matching that.
Okay, then.
Done exploring.
Done exploring.
Done exploring.
Your icy armour starts to melt.
There is an open door here.
Your icy armour evaporates.
There is a stone staircase leading down here.
You climb downwards.
You hear the roar of battle.
There is an entrance to a bailey on this level.
Hurry and find it before the portal closes forever!
There is a stone staircase leading up here.
Read which item? (? for menu, Esc to quit)
As you read the scroll labeled AFRAEF COXU, it crumbles to dust.
The air around you briefly surges with heat, but it dissipates.
It was a scroll of immolation.
Read which item? (? for menu, Esc to quit)
As you read the scroll labeled BOWUMY DOXAOT, it crumbles to dust.
The scroll dissolves into smoke.
It was a scroll of fog.
Read which item? (? for menu, Esc to quit)
As you read the scroll labeled FOV WARELOSYPS, it crumbles to dust.
The dust glows shimmering beige!
It was a scroll of random uselessness.
Read which item? (? for menu, Esc to quit)
As you read the scroll labeled FULEME BUISEWK, it crumbles to dust.
You feel strangely unstable.
It was a scroll of teleportation.
Read which item? (? for menu, Esc to quit)
As you read the scroll labeled LIEVVU UGUACA, it crumbles to dust.
It is a scroll of identify.
Identify which item? (\ to view known items) (? for menu, Esc to quit)
j - 3 potions of lignification Read which item? (? for menu, Esc to quit)
As you read the scroll labeled NOSIMM RUUH, it crumbles to dust.
You feel aware of your surroundings.
You sensed 2 altars, and 1 shop/portal.
It was a scroll of magic mapping.
Read which item? (? for menu, Esc to quit)
As you read the scroll labeled PAMPUB TEOBB, it crumbles to dust.
Forget which spell ([?*] list [ESC] exit)?
Forget which spell ([?*] list [ESC] exit)?
Okay, then.
It was a scroll of amnesia.
Your surroundings suddenly seem different.
Erolcha the Cunning comes into view.
She is wielding a giant spiked club.
Here: Erolcha, wielding a giant spiked club and wearing a robe (resting)
The floor.
Here: Erolcha, wielding a giant spiked club and wearing a robe (resting)
The floor.
Erolcha screams, "Erolcha angry!"
A film of ice covers your body!
You now have 15/18 mp.
You barely miss Erolcha. Erolcha closely misses you.
You hit Erolcha. You freeze Erolcha. Erolcha barely misses you.
You slash Erolcha! You freeze Erolcha.
Erolcha mumbles some strange words.
Erolcha flickers and vanishes!
Deactivating autopickup; reactivate with Ctrl-A.
You hit something. You freeze something. Something hits you!!
Ouch! That really hurt!
You take 23 damage, and have 22/45 hp.
MASSIVE DAMAGE!!
You closely miss something. Something hits you!!
Ouch! That really hurt!
You die...

***,,,,,,,,,,,...,,,,,,,,,,,,,,,,
*,,,,,*,****,,..#*****,,,,,,,,,,,
,,**,,*,,***,*#.# **,,,,**,,,,
,*******,,,,,*#.######**,,,,,,,*,
,,* *,,,,,**#......# ***,,,,,,,
,** *,,,,,* #......###,,,,,,,,,
** *,,,,,* #.........,********
*,,,,,* #......#**** *,,,,,*
#.@{...# *,,,,,* #......# *,,,,,*
#......# ******* #......#
#......# ########


There were no monsters in sight!

Vanquished Creatures
  The ghost of Chiseanne the Unlucky Kobold, an experienced KoAr of Nemelex Xobeh (D:4)
  Sigmund (D:6)
  A spriggan (D:7)
  A sky beast (D:7)
  2 phantoms
  3 centaurs
  A necrophage (D:7)
  4 ogres
  4 giant frogs
  2 jellies
  5 crimson imps
  A centaur zombie (D:6)
  2 giant frog zombies
  2 hounds
  A centaur skeleton (D:4)
  A giant frog skeleton (D:5)
  6 worker ants
  An orc wizard (D:4)
  A worker ant zombie (D:7)
  10 gnolls
  16 adders
  6 river rats (Sewer)
  2 shadow imps
  2 oozes
  7 giant geckos
  12 orcs
  12 bats
  2 bat zombies (D:4)
  6 giant cockroaches
  15 hobgoblins
  30 kobolds
  4 quokkas
  6 ball pythons
  A giant gecko zombie (D:6)
  6 giant newts
  11 goblins
  7 jackals
  27 rats
  3 rat zombies (D:4)
225 creatures vanquished.

Notes
Turn   | Place    | Note
--------------------------------------------------------------
     0 | D:1      | drasked, the Deep Elf Ice Elementalist, began the quest for the Orb.
     0 | D:1      | Reached XP level 1. HP: 10/10 MP: 6/6
   161 | D:1      | Reached XP level 2. HP: 13/15 MP: 2/8
   957 | D:2      | Reached skill level 4 in Ice Magic
  1008 | D:2      | Found a deep blue altar of Sif Muna.
  1008 | D:2      | Found a blossoming altar of Fedhas.
  1163 | D:2      | Reached XP level 3. HP: 19/19 MP: 6/10
  1218 | D:2      | Reached skill level 4 in Spellcasting
  1568 | D:2      | Learned a level 3 spell: Ozocubu's Armour
  1949 | D:3      | Noticed a centaur
  2009 | D:3      | Noticed a phantom
  2017 | D:3      | Reached skill level 1 in Charms
  2147 | D:3      | Found a glowing drain.
  2151 | Sewer    | Entered a sewer
  2231 | Sewer    | Reached XP level 4. HP: 24/24 MP: 9/12
  2362 | Sewer    | Reached skill level 2 in Charms
  2692 | Sewer    | Reached skill level 3 in Charms
  2742 | Sewer    | Reached skill level 5 in Spellcasting
  2742 | Sewer    | Reached XP level 5. HP: 21/28 MP: 6/14
  3028 | Sewer    | Reached skill level 4 in Charms
  3317 | D:3      | Noticed Terence
  3673 | D:3      | Reached skill level 5 in Ice Magic
  3718 | D:3      | Noticed Herrn's ghost (average FoFi)
  3746 | D:3      | HP: 7/28 [Herrn's ghost (3)]
  4143 | D:3      | Reached skill level 5 in Charms
  4143 | D:3      | Reached XP level 6. HP: 32/32 MP: 10/15
  4187 | D:3      | HP: 8/32 [centaur/arrow (10)]
  4964 | D:4      | Noticed Chiseanne's ghost (experienced KoAr)
  5008 | D:3      | HP: 8/32 [centaur (3)]
  5012 | D:3      | HP: 3/32 [poisoned by Chiseanne's ghost]
  5024 | D:3      | Killed a centaur
  5024 | D:3      | Reached skill level 3 in Dodging
  5024 | D:3      | Reached skill level 6 in Charms
  5170 | D:4      | HP: 7/32 [centaur skeleton (5)]
  5423 | D:4      | Found an iron altar of Okawaru.
  5438 | D:4      | Found Ujoxt's Jewellery Shop.
  5860 | D:3      | Learned a level 4 spell: Throw Icicle
  6097 | D:4      | Reached XP level 7. HP: 36/36 MP: 14/16
  6107 | D:4      | Got a polished hand axe
  6116 | D:4      | Identified the +10 hand axe "Ritumon" {freeze, Str+2 Dex+3} (You found it on level 4 of the Dungeon)
  6127 | D:4      | Found a sacrificial altar of Ru.
  6172 | D:4      | Reached skill level 7 in Charms
  6727 | D:4      | HP: 8/36 [Chiseanne's ghost (2)]
  6732 | D:4      | Killed Chiseanne's ghost
  6732 | D:4      | Reached skill level 4 in Dodging
  6732 | D:4      | Reached skill level 8 in Charms
  6910 | D:4      | Reached skill level 9 in Charms
  6917 | D:4      | Found an ancient bone altar of Kikubaaqudgha.
  7122 | D:4      | Reached skill level 5 in Dodging
  7187 | D:4      | Reached XP level 8. HP: 37/41 MP: 17/17
  7276 | D:5      | Entered Level 5 of the Dungeon
  7371 | D:5      | Found a shadowy altar of Dithmenos.
  7825 | D:5      | Reached skill level 10 in Charms
  8589 | D:6      | Reached skill level 6 in Dodging
  8661 | D:6      | Noticed Duvessa
  8758 | D:5      | HP: 10/41 [acid (6)]
  9013 | D:6      | Noticed Dowan
  9182 | D:6      | Found Zylaqy's Magic Scroll Shoppe.
  9236 | D:6      | Found a shimmering altar of Xom.
  9281 | D:6      | Found a staircase to the Ecumenical Temple.
  9287 | D:6      | Reached skill level 11 in Charms
  9297 | Temple   | Entered the Ecumenical Temple
  9529 | Temple   | Became a worshipper of Vehumet
  9570 | D:6      | Found a white marble altar of Elyvilon.
  9746 | D:6      | Noticed Sigmund
  9759 | D:6      | Killed Sigmund
  9759 | D:6      | Reached skill level 2 in Conjurations
  9797 | D:6      | Reached skill level 6 in Ice Magic
  9808 | D:6      | Reached skill level 3 in Conjurations
  9837 | D:6      | Found a burning altar of Makhleb.
  9864 | D:6      | Reached XP level 9. HP: 41/45 MP: 13/18
 10113 | D:7      | Found Unec's Assorted Antiques.
 10145 | D:7      | Found Zamukky's General Store.
 10165 | D:7      | Reached skill level 4 in Conjurations
 10238 | D:7      | HP: 7/45 [gnoll/scythe (9)]
 10491 | D:7      | Reached skill level 5 in Conjurations
 10500 | D:7      | Found Egisum's Magic Scroll Boutique.
 10531 | D:7      | Found Oteps's Magic Scroll Emporium.
 10689 | D:7      | Acquired Vehumet's first power
 10689 | D:7      | Offered knowledge of Sandblast by Vehumet.
 10853 | D:7      | Reached skill level 6 in Conjurations
 10853 | D:7      | Reached skill level 7 in Ice Magic
 11151 | D:7      | Found Setostuk's General Store.
 11156 | D:7      | Bought a +2 helmet of intelligence for 236 gold pieces
 11187 | D:8      | Noticed Erolcha
 11193 | D:8      | Mangled by Erolcha

Action                   |  1- 3 |  4- 6 |  7- 9 || total
-------------------------+-------+-------+-------++-------
Melee: Dagger            |       |    67 |       ||    67
       Hand axe          |       |       |   217 ||   217
 Cast: Freeze            |    68 |   169 |    53 ||   290
       Ozocubu's Armour  |       |     7 |    24 ||    31
       Throw Icicle      |       |     3 |    10 ||    13
  Use: Potion            |       |     4 |     2 ||     6
       Scroll            |       |       |     8 ||     8
  Eat: Chunk             |     4 |     9 |    17 ||    30
       Beef jerky        |       |     2 |     1 ||     3

Vault maps used:
D:1:      lightli_arrival_farm, interstate_on_off, serial_bayou_ford_a
D:2:      gammafunk_temple_overflow_elements
D:3:      gup_sewer_entry_spiral, first_bread, uniq_terence
D:4:      lemuel_zombie_altar_kikubaaqudgha, nicolae_overflow_hidden_temple,
          serial_shops, shop, dk_noncrumbling_3, minivault_4,
          nicolae_ru_sacrificial_ziggurat
D:5:      nicolae_overflow_crystal_walls
D:6:      makhleb_grotto_becter, lemuel_crystal_altar, elyvilon_altar_5,
          minmay_temple_entry_metal_lava, serial_shops, shop_statue,
          uniq_duvessa, uniq_sigmund
D:7:      lemuel_upstairs_altar, serial_shops, shop, kennysheep_little_box,
          nicolae_shop_behind_doors, shop_fountains, shop, the_bakery,
          sigmund_army
D:8:      cheibriados_altar_wand_db, minmay_lair_entry_grove, enter_bailey_2,
          okawaru_gym_becter, uniq_maurice, uniq_erolcha, uniq_grum, uniq_pikel
Temple:   circular_temple_pool_8
Sewer:    sewer_minmay_treatment

Table legend:
 A = Turns spent in this place as a percentage of turns spent in the entire game.
 B = Non-inter-level travel turns spent in this place as a percentage of non-inter-level travel turns spent in the entire game.
 C = Inter-level travel turns spent in this place as a percentage of turns spent in this place.
 D = Turns resting spent in this place as a percentage of non-inter-level travel turns spent in this place.
 E = Turns spent auto-exploring this place as a percentage of non-inter-level travel turns spent in this place.
 F = Non-inter-level travel turns spent in this place divided by the number of levels of this place that you've seen.
                   A       B       C       D       E      F
               +-------+-------+-------+-------+-------+----------------------
         Total | 100.0 | 100.0 |   0.7 |   4.4 |   7.8 | 361.8
       Dungeon |  89.6 |  89.6 |   0.7 |   4.3 |   7.4 | 405.1
        Temple |   0.9 |   0.8 |   6.2 |  20.0 |  26.7 |  30.0
         Sewer |   9.5 |   9.6 |   0.0 |   4.6 |   9.8 | 347.0
               +-------+-------+-------+-------+-------+----------------------

Table legend:
 A = Kills in this place as a percentage of kills in entire the game.
 B = Kills by you in this place as a percentage of kills by you in the entire game.
 C = Kills by friends in this place as a percentage of kills by friends in the entire game.
 D = Other kills in this place as a percentage of other kills in the entire game.
 E = Experience gained in this place as a percentage of experience gained in the entire game.
 F = Experience gained in this place divided by the number of levels of this place that you have seen.
                   A       B       C       D       E      F
               +-------+-------+-------+-------+-------+----------------------
         Total | 100.0 | 100.0 |  -nan |  -nan | 100.0 | 408.5
       Dungeon |  78.7 |  78.7 |  -nan |  -nan |  95.9 | 489.8
         Sewer |  21.3 |  21.3 |  -nan |  -nan |   4.1 | 167.0
               +-------+-------+-------+-------+-------+----------------------
